 Dungeon Crawl Stone Soup version 0.29.1-1-gd02db6906a (webtiles) character file.

Game seed: 17540877430474310667

40860 sizableburger the Spear-Bearer (level 13, -9/103 HPs)
             Began as a Mummy Fighter on Sept 16, 2022.
             Was a High Priest of Okawaru.
             Mangled by a catoblepas (14 damage)
             ... on level 4 of the Lair of Beasts on Sept 22, 2022.
             The game lasted 01:19:48 (28020 turns).

sizableburger the Spear-Bearer (Mummy Fighter)     Turns: 28020, Time: 01:19:49

Health: -9/103     AC: 20    Str: 27    XL:     13   Next: 76%
Magic:  23/23      EV:  9    Int: 10    God:    Okawaru [*****.]
Gold:   933        SH:  5    Dex: 12    Spells: 17/26 levels left

rFire   . . .      SeeInvis .   x - +4 glaive (vamp)
rCold   . . .      Faith    .   (shield currently unavailable)
rNeg    + + +      Spirit   .   k - +1 chain mail of the Maze {Str+3}
rPois   ∞          Reflect  +   h - +2 helmet
rElec   .          Harm     .   j - +1 cloak
rCorr   .          Rampage  .   g - +2 pair of gloves
Will    +....                   (no boots)
Stlth   ..........              f - amulet of reflection
HPRegen 0.27/turn               m - ring "Jixicash" {rF+ rC- Int+3 Slay+2}
MPRegen 0.18/turn               e - ring of wizardry

@: no status effects
A: cold resistance 1, negative energy resistance 3, torment resistance 2, heat
vulnerability 1, in touch with death 2, no potions
a: Renounce Religion, Heroism, Finesse, Duel


You were on level 4 of the Lair of Beasts.
You worshipped Okawaru.
Okawaru was extremely pleased with you.
You visited 3 branches of the dungeon, and saw 17 of its levels.
You also visited: Bailey.

You collected 1125 gold pieces.
You spent 192 gold pieces at shops.

Inventory:

Hand Weapons
 a - a +1 trident
 x - a +4 vampiric glaive (weapon)
Missiles
 r - 4 silver boomerangs (quivered)
 w - 8 boomerangs
 y - an atropa-tipped dart
 z - 3 curare-tipped darts
 B - 2 throwing nets
 D - 3 javelins
 I - 2 silver javelins
Armour
 b - a +0 scale mail
 g - a +2 pair of gloves (worn)
 h - a +2 helmet (worn)
 j - a +1 cloak (worn)
 k - the +1 chain mail of the Maze (worn) {Str+3}
   (You acquired it on level 8 of the Dungeon)

   Str:       It affects your strength (+3).
 o - a +0 plate armour
Jewellery
 d - a ring of see invisible
 e - a ring of wizardry (right hand)
 f - an amulet of reflection (around neck)
 m - the ring "Jixicash" (left hand) {rF+ rC- Int+3 Slay+2}
   (You acquired it on level 8 of the Dungeon)

   [ring of protection from fire]

   Int:       It affects your intelligence (+3).
   Slay:      It affects your accuracy & damage with ranged weapons and melee
   (+2).
   rF:        It protects you from fire.
   rC:        It makes you vulnerable to cold.
 n - a ring of fire
 E - a +6 ring of intelligence
 H - an amulet of the acrobat
Wands
 c - a wand of iceblast (12)
 i - a wand of digging (15)
 q - a wand of light (4)
 u - a wand of mindburst (7)
 C - a wand of polymorph (1)
Scrolls
 p - 2 scrolls of immolation
 s - a scroll of amnesia
 t - 3 scrolls of poison
 v - 4 scrolls of identify
 A - a scroll of silence
 G - 2 scrolls of fog


   Skills:
 - Level 10.2 Fighting
 - Level 0.3 Maces & Flails
 + Level 10.8 Polearms
 - Level 3.7 Throwing
 + Level 6.3 Armour
 + Level 2.0 Dodging
 - Level 2.8 Shields
 - Level 7.0 Spellcasting
 - Level 8.1 Necromancy
 - Level 6.2 Air Magic
 - Level 5.2 Poison Magic
 - Level 6.0 Invocations
 - Level 3.2 Evocations


You had 17 spell levels left.
You knew the following spells:

 Your Spells              Type           Power      Damage    Failure   Level
a - Poisonous Vapours     Pois/Air       30%        N/A       6%          2
b - Swiftness             Air            16%        N/A       9%          3
c - Corpse Rot            Necr/Pois/Air  37%        N/A       26%         4

Your spell library contained the following spells:

 Spells                   Type           Power      Damage    Failure   Level
 Shock                    Conj/Air       36%        1d5       12%         1
 Static Discharge         Conj/Air       9%         3-5/arc   16%         2
 Mephitic Cloud           Conj/Pois/Air  11%        N/A       24%         3
 Airstrike                Air            8%         2d(2-18)  28%         4
 Magic Dart               Conj           12%        1d3       36%         1
 Searing Ray              Conj           6%         2d4       50%         2
 Lightning Bolt           Conj/Air       4%         1d16      95%         5
 Fulminant Prism          Conj/Hex       1%         3d6       98%         4
 Leda's Liquefaction      Hex/Erth       1%         N/A       98%         4
 Passage of Golubria      Tloc           3%         N/A       98%         4
 Lee's Rapid Deconstruct  Erth           1%         3d5*      100%        5
 Yara's Violent Unravell  Hex/Tmut       1%         3d3       100%        5
 Conjure Ball Lightning   Conj/Air       4%         3x3d6     100%        6
 Chain Lightning          Conj/Air       4%         3d6       100%        9
 Summon Lightning Spire   Summ/Air       Unusable   N/A       N/A         4
 Tukima's Dance           Hex            Unusable   N/A       N/A         3
 Statue Form              Tmut/Erth      Unusable   N/A       N/A         6

Dungeon Overview and Level Annotations

Branches:
Dungeon (12/15)            Temple (1/1) D:6            Lair (4/5) D:10
  Swamp (0/4) Lair:3        Snake (0/4) Lair:3          Orc (0/2) D:11
 Bailey (visited)
  Slime: Lair:4-5

Altars:
Ashenzari
Cheibriados
Dithmenos
Fedhas
Gozag
Hepliaklqana
Kikubaaqudgha
Makhleb
Nemelex Xobeh
Okawaru
Qazlal
Ru
Sif Muna
Trog
Uskayaw
Vehumet
Wu Jian
Xom
Yredelemnul

Shops:
D:4 :

Annotations:
D:2 Sigmund
D:4 Pikel
Lair:3 exclusion: 2 oklob plants
Lair:4 exclusion: oklob plant


Innate Abilities, Weirdness & Mutations

You are immune to poison.
Your flesh is cold resistant. (rC+)
You are immune to negative energy. (rN+++)
You are immune to unholy pain and torment.
You are vulnerable to heat. (rF-)
You are strongly in touch with the powers of death.
You do not drink.


Message History

The seven-headed hydra bites you but does no damage. x2
The seven-headed hydra closely misses you. x2
The seven-headed hydra bites you but does no damage. x2
As you read the scroll of teleportation, it crumbles to dust.
You feel strangely unstable.
You block the seven-headed hydra's attack.
The seven-headed hydra bites you but does no damage.
You block the seven-headed hydra's attack.
The seven-headed hydra bites you!
* * * LOW HITPOINT WARNING * * *
The seven-headed hydra barely misses you.
The seven-headed hydra bites you but does no damage.
The seven-headed hydra bites you.
* * * LOW HITPOINT WARNING * * *
The seven-headed hydra is no longer blind.
You see here a hydra skeleton.
The seven-headed hydra attacks as you move away!
The seven-headed hydra closely misses you.
The seven-headed hydra bites you but does no damage. x2
You block the seven-headed hydra's attack.
The seven-headed hydra bites you but does no damage. x3
Found 14 gold pieces.
Your surroundings suddenly seem different.
A catoblepas comes into view.
The catoblepas bellows!
Okay, then.
Okay, then.
As you read the scroll of fog, it crumbles to dust.
The scroll dissolves into smoke.
You block the catoblepas's attack.
Unknown command.
The catoblepas gores you but does no damage.
The catoblepas breathes a plume of calcifying dust at you.
The blast of calcifying dust hits you but does no damage.
The catoblepas attacks as you move away!
The catoblepas gores you!
* * * LOW HITPOINT WARNING * * *
The bush is engulfed in calcifying dust.
The catoblepas attacks as you move away!
The catoblepas gores you!
You die...

......... #......# #...##.#
...## #...##§##
...#P#####...#P.P#
.............§..######
............§...##.#.#
.......§.§.§....##...#
...#....§§§.P.###....##
..#...§.§Y@...###.....##
......§§§§§....#.......####
.......§§§§.....#.......#.#
.....§.§§§................#
..#..§§..§.§.).............
. #..§§....§...............
#.#...........#...)......
###..........##.......###
##.......######....#.


You could see a catoblepas.

Vanquished Creatures
  A bunyip (Lair:2)
  3 hydras
  Erolcha (D:10)
  2 boulder beetles (D:11)
  A catoblepas (Lair:2)
  4 two-headed ogres
  A fire crab (Lair:2)
  A deep elf pyromancer (D:12)
  5 cyclopes
  A manticore (D:11)
  An elephant (D:10)
  10 black mambas
  8 cane toads
  A rime drake (Lair:3)
  5 gargoyles
  4 kobold demonologists
  Psyche (D:8)
  6 komodo dragons
  2 tengu conjurers (D:11)
  2 trolls (D:12)
  2 hornets
  A polar bear (Lair:2)
  3 slime creatures (D:12)
  7 blink frogs
  3 shadows (D:11)
  2 vampires
  7 wyverns
  4 basilisks
  35 yaks
  Eustachio (D:6)
  3 steam dragons
  18 water moccasins
  A sky beast (D:8)
  3 ice beasts
  5 orc warriors
  2 ogres (D:5)
  A phantom (D:5)
  5 centaurs
  A lemure (D:4)
  16 kobold brigands
  13 bullfrogs
  A necrophage (D:8)
  7 scorpions
  8 wights
  15 killer bees
  6 wolf zombies (Bailey)
  8 vampire bats (Bailey)
  3 howler monkeys
  5 hounds
  A jelly (D:8)
  3 gnoll boudas
  5 orc priests
  4 iguanas
  16 orc wizards
  11 hell rats
  Robin (D:2)
  7 gnolls
  8 adders
  3 shadow imps
  A white imp (D:7)
  3 ufetubi
  A worm (D:3)
  3 dart slugs
  42 orcs
  8 bats
  4 endoplasms
  2 giant cockroaches
  34 goblins
  22 hobgoblins
  4 quokkas
  5 ball pythons
  3 frilled lizards
  44 kobolds
  9 kobold skeletons (D:11)
  9 kobold zombies (D:11)
  15 orc zombies (Bailey)
  9 rats
523 creatures vanquished.

Vanquished Creatures (others)
  2 kobolds
  25 fungi
  37 plants
64 creatures vanquished.

Grand Total: 587 creatures vanquished

Notes
Turn   | Place    | Note
-------+----------+-------------------------------------------
     0 | D:1      | sizableburger the Mummy Fighter began the quest for the
                  | Orb.
     0 | D:1      | Reached XP level 1. HP: 18/18 MP: 1/1
   112 | D:1      | Reached XP level 2. HP: 14/24 MP: 2/2
   451 | D:1      | Found a faded altar of an unknown god.
   494 | D:1      | Gained mutation: You are in touch with the powers of death.
                  | [Mummy growth]
   494 | D:1      | Reached XP level 3. HP: 29/29 MP: 3/3
  1006 | D:2      | Reached XP level 4. HP: 37/37 MP: 4/4
  1161 | D:2      | Noticed Robin
  2007 | D:2      | Killed Robin
  2008 | D:2      | Reached XP level 5. HP: 32/42 MP: 5/5
  2126 | D:2      | Noticed Sigmund
  2264 | D:3      | Found a shimmering altar of Xom.
  2452 | D:3      | Found a burning altar of Makhleb.
  3027 | D:4      | Found Fitirre's Book Shoppe.
  3037 | D:4      | Bought a book of Vapours for 192 gold pieces
  3040 | D:4      | Learned a level 2 spell: Poisonous Vapours
  3132 | D:4      | Noticed a lemure
  3225 | D:3      | Reached skill level 1 in Spellcasting
  3225 | D:3      | Reached skill level 1 in Poison Magic
  3422 | D:3      | Reached XP level 6. HP: 37/48 MP: 8/8
  3683 | D:4      | Noticed Pikel
  3739 | D:5      | Entered Level 5 of the Dungeon
  4398 | D:5      | Reached XP level 7. HP: 7/54 MP: 12/12
  5565 | D:6      | Reached skill level 5 in Spellcasting
  5596 | D:6      | Reached skill level 5 in Polearms
  5662 | D:6      | Noticed Eustachio
  5700 | D:6      | Killed Eustachio
  5701 | D:6      | Reached XP level 8. HP: 48/60 MP: 0/15
  6453 | D:6      | Noticed a cyclops
  6791 | D:6      | Found a staircase to the Ecumenical Temple.
  6803 | Temple   | Entered the Ecumenical Temple
  7047 | Temple   | Became a worshipper of Warmaster Okawaru
  7084 | D:6      | Reached skill level 5 in Poison Magic
  7506 | D:6      | Noticed a cyclops
  7517 | D:6      | Killed a cyclops
  7517 | D:6      | Reached * piety under Okawaru
  7518 | D:6      | Reached XP level 9. HP: 67/67 MP: 12/16
  7601 | D:6      | Reached skill level 5 in Fighting
  7963 | D:6      | Killed a cyclops
  8701 | D:7      | Reached skill level 1 in Invocations
  9205 | D:7      | Reached ** piety under Okawaru
 10055 | D:8      | Reached XP level 10. HP: 48/79 MP: 5/17
 10982 | D:8      | Identified 3 scrolls of acquirement
 10982 | D:8      | Acquired the Directory of Conduction
 10984 | D:8      | Acquired the ring "Jixicash" {rF+ rC- Int+3 Slay+2}
 10992 | D:8      | Acquired the +1 chain mail of the Maze {Str+3}
 11034 | D:8      | Noticed Psyche
 11516 | D:8      | Killed Psyche
 11516 | D:8      | Reached *** piety under Okawaru
 11649 | D:8      | Reached skill level 5 in Armour
 11845 | D:8      | Reached skill level 1 in Throwing
 11890 | D:8      | Reached skill level 5 in Invocations
 12293 | D:8      | Noticed a moth of wrath
 12306 | D:8      | Found a bloodstained altar of Trog.
 12467 | D:8      | Learned a level 3 spell: Swiftness
 12607 | D:9      | Noticed a two-headed ogre
 12622 | D:9      | Killed a two-headed ogre
 12622 | D:9      | Reached **** piety under Okawaru
 12623 | D:9      | Reached skill level 1 in Air Magic
 12896 | D:9      | Reached XP level 11. HP: 77/86 MP: 10/20
 12952 | D:9      | Found a hide-covered altar of Uskayaw.
 13142 | D:9      | Received a gift from Okawaru
 13355 | D:9      | Found a shadowy altar of Dithmenos.
 13389 | D:9      | Identified the +6 hand axe "Kadelant" {protect, rN++}
 13400 | D:10     | Entered Level 10 of the Dungeon
 13445 | D:10     | Identified the +1 rapier of Zieded {freeze, Dex+4}
 13760 | D:10     | Received a gift from Okawaru
 13807 | D:10     | Found a flagged portal.
 13812 | Bailey   | Entered a bailey
 14914 | D:10     | Reached ***** piety under Okawaru
 15804 | D:9      | Received a gift from Okawaru
 15931 | D:9      | Found a sacrificial altar of Ru.
 16208 | D:10     | Found a staircase to the Lair.
 16395 | D:10     | Received a gift from Okawaru
 16482 | D:10     | Noticed Erolcha
 16487 | D:10     | Killed Erolcha
 16488 | D:10     | Reached skill level 5 in Air Magic
 16850 | D:11     | Received a gift from Okawaru
 16871 | D:11     | Noticed a boulder beetle
 16991 | D:11     | Killed a boulder beetle
 16992 | D:11     | Reached XP level 12. HP: 88/92 MP: 22/22
 17612 | D:11     | Noticed a two-headed ogre
 17715 | D:11     | Killed a two-headed ogre
 17715 | D:11     | Received a gift from Okawaru
 17751 | D:11     | Learned a level 4 spell: Corpse Rot
 17865 | D:11     | Reached skill level 1 in Necromancy
 18117 | D:11     | Found an ancient bone altar of Kikubaaqudgha.
 18198 | D:11     | Found a staircase to the Orcish Mines.
 18210 | D:11     | Noticed a boulder beetle
 18230 | D:11     | Killed a boulder beetle
 18231 | D:11     | Reached skill level 1 in Dodging
 18444 | D:11     | Found the +0 staff of Battle
 19387 | D:12     | Noticed a two-headed ogre
 19403 | D:12     | Killed a two-headed ogre
 19403 | D:12     | Received a gift from Okawaru
 19515 | D:12     | Noticed a two-headed ogre
 19522 | D:12     | Killed a two-headed ogre
 19523 | D:12     | Reached skill level 10 in Polearms
 19668 | D:12     | Received a gift from Okawaru
 19669 | D:12     | Reached skill level 5 in Necromancy
 19987 | Lair:1   | Entered Level 1 of the Lair of Beasts
 20295 | Lair:1   | Reached skill level 1 in Evocations
 21564 | Lair:2   | Noticed an eight-headed hydra
 21589 | Lair:1   | Gained mutation: You are strongly in touch with the powers
                  | of death. [Mummy growth]
 21589 | Lair:1   | Reached XP level 13. HP: 19/99 MP: 21/23
 21921 | Lair:2   | Received a gift from Okawaru
 22263 | Lair:2   | Reached ****** piety under Okawaru
 22646 | Lair:2   | Identified the +0 ring mail of the Orb Guardian {rCorr}
                  | (Okawaru gifted it to you on level 2 of the Lair of Beasts)
 22646 | Lair:2   | Received a gift from Okawaru
 24322 | Lair:2   | Noticed a bunyip
 24322 | Lair:2   | an 11-headed hydra changed into a bunyip
 24332 | Lair:2   | Killed a bunyip
 24901 | Lair:3   | Found a staircase to the Snake Pit.
 25729 | Lair:3   | Found a blossoming altar of Fedhas.
 25802 | Lair:3   | Reached skill level 10 in Fighting
 26039 | Lair:3   | Found a staircase to the Swamp.
 26823 | Lair:3   | HP: 4/103 [hell rat (10)]
 28019 | Lair:4   | HP: 5/103 [catoblepas (14)]
 28020 | Lair:4   | Mangled by a catoblepas

Illustrated notes

Levels and vault maps discovered:
D:1:      minmay_arrival_loop, layout_rooms, serial_bayou, serial_bayou_ford_a,
          serial_bayou_shore_b, serial_bayou_lagoon_b, serial_bayou_pond_e,
          dreamdust_ecumenical_altar_grove, nrook_loot_triangle,
          minmay_tetromino_i2
D:2:      layout_loops_corners, serial_bayou_lake_a, uniq_sigmund, uniq_robin
D:3:      layout_basic, lemuel_doored_altar, xom_teletrap_fun
D:4:      layout_loops_cross, serial_shops, nicolae_shop_trees, uniq_pikel
D:5:      corexii_shantytown, layout_loops_ring, st_stairs_11
D:6:      minmay_opposing_rooms, layout_loops_corners,
          minmay_temple_entry_slanted, uniq_eustachio
D:7:      layout_basic
D:8:      layout_basic, tgw_trog, kennysheep_kite_vault, uniq_psyche
D:9:      cheibrodos_statue_roulette, layout_rooms,
          nicolae_ru_the_path_less_chosen, mainiacjoe_overflow_cross_hatched,
          pf_just_have_faith
D:10:     layout_basic, david_lair_generic, enter_bailey_3, uniq_erolcha
D:11:     wander_kiku_kobolds, layout_rooms, hex_tiny,
          hellmonk_guarded_unrand_staff_of_battle
D:12:     layout_irregular_city
Temple:   nicolae_temple_elliptical
Lair:1:   layout_cave_pods, beast_lair_carwin_10
Lair:2:   layout_cellular_growth, serial_rivers, chequers_serial_rivers_marsh,
          chequers_serial_rivers_micro_e, chequers_serial_rivers_large_a,
          chequers_serial_rivers_small_a, minmay_shattered_shrine
Lair:3:   layout_layer_cave, swamp_mist_pool, minmay_snake_entry_six_corridors,
          minivault_23, chequers_serial_rivers_micro_c, hangedman_tree_tricks,
          minivault_26, grunt_forest_small_clearing_treed
Lair:4:   layout_gridlike

Skill      XL: |  1  2  3  4  5  6  7  8  9 10 11 12 13 |
---------------+----------------------------------------+-----
Polearms       | 2 3 4 5 6 7 8 10 | 10.8
Fighting       | 4 7 8 10 | 10.2
Spellcasting   | 1 3 5 6 7 |  7.0
Poison Magic   | 1 2 4 5 |  5.2
Invocations    | 3 5 6 |  6.0
Armour         | 4 5 6 |  6.3
Throwing       | 2 3 |  3.7
Air Magic      | 1 5 6 |  6.2
Necromancy     | 5 8 |  8.1
Dodging        | 1 2 |  2.0
Evocations     | 1 3 |  3.2
Maces & Flails | |  0.3
Shields        | |  2.8

Action                   |  1- 3 |  4- 6 |  7- 9 | 10-12 | 13-15 || total
-------------------------+-------+-------+-------+-------+-------++-------
Melee: Trident           |   106 |   266 |   527 |   533 |     5 ||  1437
       Glaive            |       |       |       |   494 |   336 ||   830
Throw: Throwing net      |       |       |     2 |       |       ||     2
       Boomerang         |       |       |       |    33 |    18 ||    51
       Dart              |       |       |       |     5 |     5 ||    10
 Cast: Poisonous Vapours |       |     2 |    32 |    84 |     2 ||   120
       Swiftness         |       |       |       |     2 |     3 ||     5
       Corpse Rot        |       |       |       |       |     3 ||     3
Invok: Heroism           |       |       |     3 |     9 |     5 ||    17
       Finesse           |       |       |       |     1 |     2 ||     3
Evoke: Wand              |       |       |     4 |    10 |     7 ||    21
  Use: Scroll            |     2 |     2 |     7 |    12 |    10 ||    33
 Stab: Distracted        |       |     1 |       |       |       ||     1
       Invisible         |       |       |     1 |       |     2 ||     3
       Petrifying        |       |       |       |       |     1 ||     1
       Petrified         |       |       |       |       |     1 ||     1
Armor: Scale mail        |    39 |   114 |   176 |    47 |       ||   376
       Chain mail        |       |       |       |   557 |   253 ||   810
Dodge: Dodged            |    45 |    94 |   174 |   439 |   209 ||   961
Block: Buckler           |    23 |    85 |   230 |   282 |       ||   620
       Reflection        |       |     1 |     7 |    17 |       ||    25
       Other             |       |       |       |   152 |   113 ||   265
